 Dungeon Crawl Stone Soup version 0.30-a0-946-gec5dcfc036 (console) character file.

Game seed: 7794501351505962445

61 utis the Ducker (level 4, 0/26 HPs)
             Began as a Tengu Wanderer on Mar 27, 2023.
             Slain by a gnoll
             ... wielding a +0 whip
             ... led by a gnoll bouda
              (9 damage)
             ... on level 3 of the Dungeon.
             The game lasted 00:08:11 (2190 turns).

utis the Ducker (Tengu Wanderer)                    Turns: 2190, Time: 00:08:12

Health: 0/26       AC:  3    Str:  8    XL:     4   Next: 7%
Magic:  7/8        EV: 13    Int: 16    God:
Gold:   76         SH:  0    Dex: 16    Spells: 1/7 levels left

rFire   . . .      SeeInvis .    a - +0 falchion
rCold   . . .      Faith    .    (no shield)
rNeg    . . .      Spirit   .    p - +0 leather armour
rPois   .          Reflect  .    b - +0 hat
rElec   .          Rampage  .    (no cloak)
rCorr   .                        (no gloves)
Will    .....                    (boots unavailable)
Stlth   +                        (no amulet)
HPRegen 0.24/turn                (no ring)
MPRegen 0.11/turn                (no ring)

@: no status effects
A: beak, talons 3
a: no special abilities


You were on level 3 of the Dungeon.
You visited 1 branch of the dungeon, and saw 3 of its levels.

You collected 76 gold pieces.

Inventory:

Hand Weapons
 a - a +0 falchion (weapon)
 n - a +0 rapier
Missiles
 f - 9 stones
 l - 4 javelins
Armour
 b - a +0 hat (worn)
 d - a +0 robe
 p - a +0 leather armour (worn)
 r - a +0 ring mail
Scrolls
 e - a scroll of identify {unknown}
 h - a scroll of teleportation {@r4}
 i - a scroll of silence {unknown}
 q - a scroll of torment {unknown}
 s - a scroll of amnesia {unknown}
Potions
 c - a potion of attraction
 g - a potion of flight {unknown}
 j - a potion of mutation {unknown}
 k - a potion of might {unknown}
 m - a potion of ambrosia {unknown}
 o - a potion of curing {unknown}


   Skills:
 + Level 2.0 Fighting
 - Level 2.1 Long Blades
 + Level 3.8 Dodging
 - Level 2.0 Spellcasting
 + Level 2.1 Conjurations
 + Level 3.3 Air Magic
 + Level 0.7 Poison Magic


You had one spell level left.
You knew the following spells:

 Your Spells              Type           Power      Damage    Failure   Level
p - Mephitic Cloud        Conj/Pois/Air  8%         N/A       36%         3
t - Static Discharge      Conj/Air       20%        2-3/arc   16%         2
z - Shock                 Conj/Air       40%        1d5       10%         1

Your spell library contained the following spells:

 Spells                   Type           Power      Damage    Failure   Level
 Scorch                   Fire           2%         2d5       41%         2
 Flame Wave               Conj/Fire      5%         2d5       89%         4
 Summon Cactus Giant      Summ           0%         N/A       100%        6


Dungeon Overview and Level Annotations

Branches:
Dungeon (3/15)

Altars:
Kikubaaqudgha


Innate Abilities, Weirdness & Mutations

You have a beak for a mouth.
You have claws for feet.


Message History

The gnoll is heavily wounded.
A gnoll comes into view. It is wielding a +0 whip.
The gnoll shouts!
You hear a shout!
The gnoll attacks as you move away! The gnoll barely misses you.
The gnoll attacks as you move away! The gnoll completely misses you.
There is a stone staircase leading up, spattered with blood here.
Aiming: Shock (safe; 11% risk of failure)
Press: ? - help, Q - select action, (/) - cycle Shift-Dir - straight line The zap hits the gnoll but does no damage.
The gnoll is heavily wounded.
The zap hits the gnoll.
The gnoll is almost dead.
The gnoll hits you with a +0 club!
Aiming: Shock (safe; 11% risk of failure)
Press: ? - help, Q - select action, (/) - cycle Shift-Dir - straight line The zap hits the gnoll.
The gnoll is almost dead.
The zap hits the gnoll.
You kill the gnoll!
You have reached level 4!
You feel agile.
You start resting.
A gnoll is nearby!
You climb upwards.
There is a stone staircase leading down here.
Things that are here:
a +0 flail; a gnoll corpse You start resting.
Magic restored.
You climb downwards.
The gnoll hits you with a +0 whip! x2
* * * LOW HITPOINT WARNING * * *
There is a stone staircase leading up, spattered with blood here.
Aiming: Shock (safe; 10% risk of failure)
Press: ? - help, Q - select action, (/) - cycle Shift-Dir - straight line The zap hits the gnoll.
The gnoll is moderately wounded.
The zap hits the gnoll.
The gnoll is severely wounded.
The gnoll hits you with a +0 whip!
You die...

... ...░░.... ..░
░..░░░░.€..░ ...
░░g.......░ ░░░ ..^
...░░░...░...░ ░..
...░...░...░ .░░░.░
░.░.......░░
....[.░░░░.....░.....
░.....░░░░.........
░...Q)░...░...░░
░.░░░g........░ ░.
░░....░...░ ░.
..░......░ ░░
..░░......░ ...
░░░░..░░ ░.░. .░░
░.░. ░ . ░.


You could see a gnoll.

Vanquished Creatures
  3 gnolls
  5 endoplasms
  5 giant cockroaches
  2 goblins
  A hobgoblin (D:1)
  A quokka (D:1)
  5 ball pythons
  2 bats (D:1)
  A frilled lizard (D:1)
  3 kobolds (D:1)
  3 rats
31 creatures vanquished.

Notes
Turn   | Place    | Note
-------+----------+-------------------------------------------
     0 | D:1      | utis the Tengu Wanderer began the quest for the Orb.
     0 | D:1      | utis set off with the following items: a +0 falchion, a +0
                  | hat, a potion of attraction, a +0 robe; and the following
                  | spell memorised: Shock; and the following spells available
                  | to memorise: Static Discharge, Mephitic Cloud.
     0 | D:1      | Reached XP level 1. HP: 12/12 MP: 4/4
   317 | D:1      | Reached XP level 2. HP: 16/16 MP: 0/6
   487 | D:1      | Reached skill level 1 in Conjurations
  1229 | D:1      | Reached XP level 3. HP: 19/21 MP: 5/7
  1579 | D:2      | Learned a level 2 spell: Static Discharge
  1583 | D:2      | Learned a level 3 spell: Mephitic Cloud
  1692 | D:2      | Found an ancient bone altar of Kikubaaqudgha.
  2161 | D:3      | Reached XP level 4. HP: 18/26 MP: 5/8
  2190 | D:3      | Slain by a gnoll

Illustrated notes

Levels and vault maps discovered:
D:1:      lightli_arrival_maybe_door_vault, layout_loops_corners, serial_forest,
          infiniplex_forest_straight_4, infiniplex_forest_lined_room_3,
          infiniplex_forest_end_2, infiniplex_forest_clump_C,
          chequers_serial_rivers_micro_b, nrook_campfire
D:2:      layout_rooms, basic_altar
D:3:      layout_rooms, kennysheep_big_empty_room, uniq_grinder

Skill      XL: |  1  2  3 |
---------------+----------+-----
Conjurations   | 1 2 |  2.1
Air Magic      | 3 |  3.3
Fighting       | 2 |  2.0
Long Blades    | |  2.1
Dodging        | |  3.8
Spellcasting   | |  2.0
Poison Magic   | |  0.7

Action                     |  1- 3 |  4- 6 || total
---------------------------+-------+-------++-------
  Melee: Falchion          |    11 |       ||    11
         Kick              |     4 |       ||     4
  Throw: Stone             |     2 |       ||     2
   Cast: Shock             |    51 |     1 ||    52
    Use: Scroll            |     1 |       ||     1
   Stab: Sleeping          |     1 |       ||     1
 Armour: Robe              |     2 |       ||     2
         Leather armour    |     1 |       ||     1
  Dodge: Dodged            |    41 |       ||    41

Table legend: (Time is in decaauts)
 A = Elapsed time spent in this place.
 B = Non-inter-level travel time spent in this place.
 C = Inter-level travel time spent in this place.
 D = Time resting spent in this place.
 E = Time spent auto-exploring this place.
 F = Levels seen in this place.
 G = Mean time per level.
                   A        B        C        D        E       F      G
               +--------+--------+--------+--------+--------+-----+--------+
         Total |   2195 |   2152 |     43 |    517 |   1222 |   3 |  731.7 |
       Dungeon |   2195 |   2152 |     43 |    517 |   1222 |   3 |  731.7 |
               +--------+--------+--------+--------+--------+-----+--------+

Top non-repeatable levels by time:
     D:1: 1511 daAuts
     D:2: 584 daAuts
     D:3: 99 daAuts
